 Dungeon Crawl Stone Soup version 0.27-a0-1296-g8ece459b43 (webtiles) character file.

Game seed: 268236286643482382

1742 HAL9000 the Covert (level 9, 0/42 HPs)
             Began as a Vine Stalker Brigand on June 16, 2021.
             Was a Follower of Uskayaw.
             Succumbed to barbed spike wounds
             ... on level 8 of the Dungeon.
             The game lasted 00:15:11 (5430 turns).

HAL9000 the Covert (Vine Stalker Brigand)           Turns: 5430, Time: 00:15:12

Health: 0/42       AC: 10    Str: 16    XL:     9   Next: 5%
Magic:  0/10       EV: 11    Int: 11    God:    Uskayaw [*.....]
Gold:   323        SH:  0    Dex: 17    Spells: 8/8 levels left

rFire    . . .     SeeInvis .   o - +3 dagger (protect)
rCold    . . .     Faith    .   (no shield)
rNeg     . . .     Spirit   +   b - +0 robe
rPois    .         Reflect  .   d - +0 helmet
rElec    .         Harm     .   c - +0 cloak
rCorr    +         Rampage  .   r - +0 pair of gloves
Will     +....                  u - +0 pair of boots
Stlth    +++++.....             (no amulet)
HPRegen  1.14/turn              n - ring of resist corrosion
MPRegen  0.12/turn              e - +4 ring of protection

@: spiked
A: fangs 3, regeneration 1, magic shield, antimagic bite, no potion heal 2
a: Renounce Religion, Stomp


You were on level 8 of the Dungeon.
You worshipped Uskayaw.
Uskayaw was noncommittal.
You visited 1 branch of the dungeon, and saw 8 of its levels.

You collected 323 gold pieces.

Inventory:

Hand Weapons
 o - a +3 dagger of protection (weapon)
Missiles
 a - 2 poisoned darts
 i - a curare-tipped dart
 y - an atropa-tipped dart (quivered)
 B - 6 boomerangs
Armour
 b - a +0 robe (worn)
 c - a +0 cloak (worn)
 d - a +0 helmet (worn)
 r - a +0 pair of gloves (worn)
 u - a +0 pair of boots (worn)
Jewellery
 e - a +4 ring of protection (right hand)
 n - a ring of resist corrosion (left hand)
 s - a ring of protection from cold
 x - a ring of fire
Scrolls
 g - a scroll of fear {unknown}
 j - a scroll of enchant armour {unknown}
 k - 3 scrolls of silence
 m - 3 scrolls of amnesia {unknown}
 q - 2 scrolls of teleportation
 t - 2 scrolls of fog {unknown}
 w - a scroll of noise {unknown}
 A - a scroll of immolation {unknown}
Potions
 f - 3 potions of curing
 h - a potion of lignification {unknown}
 l - a potion of mutation
 p - 2 potions of brilliance
 v - a potion of flight
 z - a potion of magic {unknown}


   Skills:
 - Level 1.7 Fighting
 + Level 7.8 Short Blades
 - Level 1.7 Throwing
 - Level 0.7 Dodging
 - Level 11.0 Stealth


You had 8 spell levels left.
You didn't know any spells.
Your spell library contained the following spells:

 Spells                   Type           Power      Damage    Failure   Level
 Animate Skeleton         Necr           0%         N/A       34%         1
 Pain                     Necr           0%         1d4       34%         1
 Vampiric Draining        Necr           0%         2d6       71%         3
 Animate Dead             Necr           0%         N/A       98%         4
 Agony                    Necr           0%         N/A       100%        5


Dungeon Overview and Level Annotations

Branches:
Dungeon (8/15)             Temple (0/1) D:7
   Lair: D:8-11

Altars:
Dithmenos
Makhleb
Uskayaw
Yredelemnul

Shops:
D:4 (

Annotations:
D:3 2 transporters


Innate Abilities, Weirdness & Mutations

You have razor-sharp teeth.
Your natural rate of healing is unusually fast.
When hurt, damage is shared between your health and your magic reserves.
Your bite disrupts and absorbs the magic of your enemies.
Potions cannot restore your health.


Message History

Okay, then.
The barbs in your skin will harm you if you move.
Continue? [Y]es or [N]o only, please.
The barbs in your skin will harm you if you move.
Continue? [Y]es or [N]o only, please.
The barbs in your skin will harm you if you move.
Continue?
The barbed spikes dig painfully into your body as you move.
The manticore seems less confused.
Okay, then.
The barbed spikes dig painfully into your body as you move.
A manticore is nearby!
The barbed spikes dig painfully into your body as you move.
You see here an atropa-tipped dart.
y - an atropa-tipped dart The manticore is no longer blind.
The manticore flicks its tail.
The volley of spikes hits you!
The barbed spikes become lodged in your body.
The barbed spikes dig painfully into your body as you move.
The barbed spikes dig painfully into your body as you move.
* * * LOW HITPOINT WARNING * * *
The manticore flicks its tail.
The volley of spikes hits you.
The barbed spikes become lodged in your body.
* * * LOW HITPOINT WARNING * * *
The barbed spikes dig painfully into your body as you move.
* * * LOW HITPOINT WARNING * * *
The manticore flicks its tail.
The volley of spikes misses you.
Unknown command.
As you read the scroll of teleportation, it crumbles to dust.
You feel strangely unstable.
Unknown command.
The manticore flicks its tail.
The volley of spikes hits you.
The barbed spikes become lodged in your body.
* * * LOW HITPOINT WARNING * * *
Your surroundings suddenly seem different.
The barbed spikes dig painfully into your body as you move.
You die...

#.......# #....# #..# #.
#.......# #....# #..# #.
#.......# #....# #..# #.
#.......########.## #..#######.
###.##............# #..........
#....########.#.####.###...##
#....#### #...#..###.###...##
#####.......###...##.#.....#...##
..............#.@.##.#.....######
......#.......###.##.......#
####..#.......# #.###......# ##
########.#####.# #..)...# #.
#.....#.###......# #.
#####.#.....<....# #.
#.######.)...#####. #.#
#.#.#....##.
####.######...#.......


There were no monsters in sight!

Vanquished Creatures
  A hornet (D:7)
  A water moccasin (D:7)
  Edmund (D:4)
  An ice beast (D:6)
  A black bear (D:8)
  An orc warrior (D:8)
  A necrophage (D:7)
  2 ogres
  Blork the orc (D:4)
  2 bullfrogs
  3 wights (D:7)
  A bullfrog zombie (D:6)
  An orc priest (D:5)
  2 hounds (D:4)
  A centaur skeleton (D:6)
  3 iguanas
  5 orc wizards
  Robin (D:4)
  An adder (D:6)
  A white imp (D:6)
  A worm (D:4)
  9 orcs
  2 endoplasms
  A giant cockroach (D:3)
  12 goblins
  5 hobgoblins
  14 jackals
  2 quokkas
  8 ball pythons
  A bat (D:2)
  2 frilled lizards
  2 kobolds (D:2)
  2 rats
92 creatures vanquished.

Notes
Turn   | Place    | Note
-------+----------+-------------------------------------------
     0 | D:1      | HAL9000 the Vine Stalker Brigand began the quest for the
                  | Orb.
     0 | D:1      | Reached XP level 1. HP: 11/11 MP: 2/2
    31 | D:1      | Reached skill level 5 in Stealth
    31 | D:1      | You fall into a shaft and drop 1 floor!
   401 | D:2      | Reached XP level 2. HP: 10/15 MP: 3/3
  1240 | D:2      | Reached skill level 6 in Stealth
  1313 | D:2      | Reached XP level 3. HP: 18/18 MP: 2/4
  1758 | D:3      | Found a transporter.
  1763 | D:3      | Found a transporter.
  1777 | D:3      | Found a burning altar of Makhleb.
  1909 | D:3      | Found a faded altar of an unknown god.
  2638 | D:4      | Noticed Blork the orc
  2664 | D:4      | Killed Blork the orc
  2665 | D:4      | Reached skill level 7 in Stealth
  2665 | D:4      | Gained mutation: Your natural rate of healing is unusually
                  | fast. [Vine Stalker growth]
  2665 | D:4      | Reached XP level 4. HP: 10/23 MP: 2/5
  2735 | D:4      | Noticed Robin
  2742 | D:4      | Found Samodd's Weapon Shoppe.
  2777 | D:4      | Reached XP level 5. HP: 26/26 MP: 6/6
  2832 | D:3      | Reached skill level 8 in Stealth
  2860 | D:4      | Killed Robin
  3057 | D:4      | Noticed Edmund
  3074 | D:4      | Killed Edmund
  3075 | D:4      | Reached skill level 9 in Stealth
  3075 | D:4      | Reached XP level 6. HP: 8/30 MP: 2/7
  3171 | D:4      | Found a hide-covered altar of Uskayaw.
  3184 | D:4      | Became a worshipper of Uskayaw the Reveller
  3198 | D:4      | Reached * piety under Uskayaw
  3468 | D:5      | Entered Level 5 of the Dungeon
  3473 | D:5      | Reached skill level 10 in Stealth
  3495 | D:4      | Reached ** piety under Uskayaw
  3507 | D:4      | Reached *** piety under Uskayaw
  3616 | D:4      | Reached XP level 7. HP: 31/34 MP: 5/8
  3654 | D:5      | You fall into a shaft and drop 1 floor!
  3663 | D:6      | Reached skill level 11 in Stealth
  3724 | D:6      | Found a shadowy altar of Dithmenos.
  3816 | D:6      | Found a basalt altar of Yredelemnul.
  4214 | D:7      | Found a staircase to the Ecumenical Temple.
  4236 | D:7      | Gained mutation: You have razor-sharp teeth. [Vine Stalker
                  | growth]
  4236 | D:7      | Reached XP level 8. HP: 31/38 MP: 6/9
  4239 | D:7      | Noticed a hornet
  4248 | D:7      | Killed a hornet
  4248 | D:7      | Reached **** piety under Uskayaw
  4249 | D:7      | Reached skill level 5 in Short Blades
  5055 | D:8      | Noticed a manticore
  5250 | D:8      | Reached XP level 9. HP: 42/42 MP: 8/10
  5430 | D:8      | Succumbed to barbed spike wounds

Illustrated notes

Levels and vault maps discovered:
D:1:      minmay_arrival_hallway, layout_basic
D:2:      layout_rooms, kennysheep_cluttered_room, minmay_circled_x
D:3:      layout_basic, gammafunk_temple_overflow_arena,
          shapermc_ecumenical_altar_mp_highgroup
D:4:      layout_basic, nicolae_overflow_crystal_walls, serial_shops, shop,
          uniq_edmund, uniq_robin, uniq_blork_the_orc
D:5:      layout_rooms, uniq_ijyb
D:6:      layout_cave_pools, yredelemnul_altar_generic, lemuel_doored_altar
D:7:      layout_loops_cross, minmay_temple_entry_arrows,
          amcnicky_mini_corridor_feature, hangedman_abyss_or_decor_lesser_grid
D:8:      layout_basic, nzn_random_ring

Skill      XL: |  1  2  3  4  5  6  7  8 |
---------------+-------------------------+-----
Stealth        | 5 6 7 9 10 11 | 11.0
Short Blades   | 4 7 |  7.8
Fighting       | |  1.7
Throwing       | |  1.7
Dodging        | |  0.7

Action                   |  1- 3 |  4- 6 |  7- 9 || total
-------------------------+-------+-------+-------++-------
Melee: Dagger            |   125 |    92 |   147 ||   364
       Bite              |    24 |    24 |    54 ||   102
Throw: Dart              |    21 |    15 |    18 ||    54
       Boomerang         |     5 |       |       ||     5
  Use: Scroll            |       |     5 |     2 ||     7
       Potion            |       |       |     1 ||     1
 Stab: Sleeping          |     7 |     2 |     4 ||    13
       Distracted        |     2 |       |       ||     2
       Paralysed         |       |     1 |     3 ||     4
       Invisible         |       |       |     1 ||     1
Armor: Robe              |    39 |    52 |    60 ||   151
Dodge: Dodged            |    78 |    43 |    54 ||   175

Table legend: (Time is in decaauts)
 A = Elapsed time spent in this place.
 B = Non-inter-level travel time spent in this place.
 C = Inter-level travel time spent in this place.
 D = Time resting spent in this place.
 E = Time spent auto-exploring this place.
 F = Levels seen in this place.
 G = Mean time per level.
                   A        B        C        D        E       F      G
               +--------+--------+--------+--------+--------+-----+--------+
         Total |   5385 |   5128 |    257 |    765 |   3336 |   8 |  673.1 |
       Dungeon |   5385 |   5128 |    257 |    765 |   3336 |   8 |  673.1 |
               +--------+--------+--------+--------+--------+-----+--------+

Top non-repeatable levels by time:
     D:2: 1460 daAuts
     D:4: 1095 daAuts
     D:3: 955 daAuts
     D:7: 846 daAuts
     D:6: 518 daAuts
     D:8: 385 daAuts
     D:5: 94 daAuts
     D:1: 30 daAuts
